 Dungeon Crawl Stone Soup version 0.30.0-29-ga12c61a403 (webtiles) character file.

Game seed: 16519279074825016528

544 Graphine the Magician (level 7, 0/38 HPs)
             Began as a Deep Elf Fire Elementalist on June 19, 2023.
             Slain by a black bear (6 damage)
             ... on level 6 of the Dungeon.
             The game lasted 00:10:24 (4217 turns).

Graphine the Magician (Deep Elf Fire Elementalist)  Turns: 4217, Time: 00:10:26

Health: 0/38       AC:  2    Str: 14    XL:     7   Next: 6%
Magic:  9/16       EV: 18    Int: 22    God:
Gold:   394        SH:  0    Dex: 17    Spells: 5/16 levels left

rFire   . . .        l - +9 sling "Meqol" {freeze, Str+9 Int-3 Dex+2}
rCold   + . .        (no shield)
rNeg    . . .        a - +0 robe
rPois   +            (no helmet)
rElec   +            (no cloak)
rCorr   .            (no gloves)
SInv    .            (no boots)
Will    .....        (no amulet)
Stlth   +++          g - ring "Viceqamo" {rElec rPois EV+5 Int+3}
HPRegen 0.26/turn    n - ring of protection from cold
MPRegen 0.15/turn

%: no passive effects
@: hasted, very quick
A: no striking features
a: no special abilities


You were on level 6 of the Dungeon.
You visited 1 branch of the dungeon, and saw 6 of its levels.

You collected 394 gold pieces.

Inventory:

Hand Weapons
 l - the +9 sling "Meqol" (weapon) {freeze, Str+9 Int-3 Dex+2}
   (You found it on level 2 of the Dungeon)

   Str:       It affects your strength (+9).
   Int:       It affects your intelligence (-3).
   Dex:       It affects your dexterity (+2).
 u - a +1 vampiric dagger
Armour
 a - a +0 robe (worn)
 t - a +0 buckler
Jewellery
 g - the ring "Viceqamo" (left hand) {rElec rPois EV+5 Int+3}
   (You acquired it on level 2 of the Dungeon)

   [ring of evasion]

   EV:        It affects your evasion (+5).
   Int:       It affects your intelligence (+3).
   rElec:     It insulates you from electricity.
   rPois:     It protects you from poison.
 k - a +6 ring of strength
 n - a ring of protection from cold (right hand)
 p - a ring of resist corrosion
 v - a ring of positive energy
Wands
 x - a wand of mindburst (24)
 z - a wand of quicksilver (9)
Scrolls
 o - 2 scrolls of blinking
 r - a scroll of amnesia
 s - 4 scrolls of teleportation
 w - a scroll of poison
Potions
 b - a potion of magic
 c - a potion of lignification
 d - 2 potions of might
 e - 2 potions of haste
 f - a potion of cancellation {unknown}
 h - a potion of brilliance {unknown}
 j - a potion of attraction {unknown}
 m - a potion of invisibility {unknown}
 q - 3 potions of heal wounds {unknown}
 A - a potion of ambrosia {unknown}


   Skills:
 + Level 1.4 Fighting
 * Level 3.1 Ranged Weapons
 + Level 3.6 Dodging
 + Level 3.9 Stealth
 * Level 5.1 Spellcasting
 * Level 3.6 Conjurations
 * Level 4.9 Fire Magic


You had 5 spell levels left.
You knew the following spells:

 Your Spells              Type           Power      Damage    Failure   Level
a - Foxfire               Conj/Fire      96%        2x1d8     1%          1
b - Scorch                Fire           54%        2d7       1%          2
c - Flame Wave            Conj/Fire      24%        2d8       17%         4
d - Sticky Flame          Conj/Fire      24%        2d5       17%         4

Your spell library contained the following spells:

 Spells                   Type           Power      Damage    Failure   Level
 Shock                    Conj/Air       52%        1d6       4%          1
 Freeze                   Ice            20%        1d4       10%         1
 Inner Flame              Hex/Fire       16%        N/A       11%         3
 Volatile Blastmotes      Fire/Tloc      32%        2d12      11%         3
 Hailstorm                Conj/Ice       13%        3d5       14%         3
 Ignite Poison            Fire/Tmut/Pois 12%        N/A       16%         3
 Frozen Ramparts          Ice            10%        1d2       30%         3
 Swiftness                Air            5%         N/A       30%         3
 Airstrike                Air            2%         2d(1-17)  69%         4
 Ice Form                 Ice/Tmut       5%         N/A       69%         4
 Simulacrum               Ice/Necr       2%         N/A       100%        6
 Ignition                 Fire           13%        3d6       100%        8


Dungeon Overview and Level Annotations

Branches:
Dungeon (6/15)             Temple (0/1) D:5

Altars:
Cheibriados


Message History

Confirm with . or Enter, or press ? or * to list all spells.
You conjure some foxfire!
The foxfire hits the black bear but does no damage.
The foxfire hits the black bear.
The black bear is lightly wounded.
The black bear bites you. The black bear completely misses you.
The black bear misses you.
An orc priest comes into view. It is wielding a +0 club.
Casting: Foxfire (safe; 1% risk of failure)
Confirm with . or Enter, or press ? or * to list all spells.
You conjure some foxfire!
The foxfire hits the black bear.
The black bear is lightly wounded.
The foxfire hits the black bear.
The black bear is moderately wounded.
The orc priest begins to cast a cantrip, but forgets the words!
The black bear misses you. The black bear claws you. x2
Casting: Foxfire (safe; 1% risk of failure)
Confirm with . or Enter, or press ? or * to list all spells.
You conjure some foxfire!
The foxfire hits the black bear.
The black bear is heavily wounded.
The foxfire hits the orc priest but does no damage.
The orc priest is severely wounded.
Unknown command.
Casting: Foxfire (safe; 1% risk of failure)
Confirm with . or Enter, or press ? or * to list all spells.
You conjure some foxfire!
The foxfire hits the black bear.
The black bear is severely wounded.
The foxfire hits the black bear.
The black bear is severely wounded.
The foxfire hits the orc priest.
The orc priest is severely wounded.
The black bear goes berserk!
Casting: Foxfire (safe; 1% risk of failure)
Confirm with . or Enter, or press ? or * to list all spells.
You conjure some foxfire!
The foxfire hits the black bear.
The black bear is almost dead.
The black bear bites you!
* * * LOW HITPOINT WARNING * * *
The black bear misses you. The black bear claws you.
You die...

.# #.####..##......## ##
#.# ##...####...# ## #.
#..## ##..# .# #
#..######..# .##
#......##..# #.## ####
##..........# ##.###..#
#.....###.<##
##..#..####...vh######
##..).......#v@.#
####....#########o.o.o..
......### #......
####.## #..... ### ...##
.## #


You could see a black bear (berserk, ally target) and 3 orc priests.

Vanquished Creatures
  A centaur (D:6)
  A gnoll bouda (D:5)
  5 hounds (D:5)
  Jessica (D:3)
  An iguana (D:4)
  2 orc wizards (D:4)
  4 gnolls (D:5)
  4 adders
  A white imp (D:4)
  A worm (D:2)
  6 dart slugs
  7 orcs
  9 ball pythons
  2 endoplasms
  4 giant cockroaches
  5 goblins
  8 hobgoblins
  3 jackals (D:1)
  5 quokkas
  6 bats
  7 kobolds
  2 rats
85 creatures vanquished.

Vanquished Creatures (others)
  198 foxfires
198 creatures vanquished.

Grand Total: 283 creatures vanquished

Notes
Turn   | Place    | Note
-------+----------+-------------------------------------------
     0 | D:1      | Graphine the Deep Elf Fire Elementalist began the quest for
                  | the Orb.
     0 | D:1      | Reached XP level 1. HP: 10/10 MP: 6/6
   167 | D:1      | Reached XP level 2. HP: 15/15 MP: 5/8
  1141 | D:2      | Reached XP level 3. HP: 19/19 MP: 6/10
  1300 | D:2      | Identified the +9 sling "Meqol" {freeze, Str+9 Int-3 Dex+2}
  1642 | D:2      | Identified a scroll of acquirement
  1642 | D:2      | Acquired the ring "Viceqamo" {rElec rPois EV+5 Int+3}
  1788 | D:3      | Reached XP level 4. HP: 24/24 MP: 6/11
  2011 | D:3      | Noticed Jessica
  2012 | D:3      | Killed Jessica
  2013 | D:3      | Reached skill level 4 in Spellcasting
  2111 | D:3      | Reached skill level 1 in Ranged Weapons
  2307 | D:3      | Found a faded altar of an unknown god.
  2700 | D:4      | Reached XP level 5. HP: 15/28 MP: 11/13
  2929 | D:4      | Reached skill level 1 in Fighting
  3178 | D:4      | Learned a level 2 spell: Scorch
  3183 | D:4      | Learned a level 4 spell: Flame Wave
  3188 | D:4      | Learned a level 4 spell: Sticky Flame
  3189 | D:5      | Entered Level 5 of the Dungeon
  3189 | D:5      | Found a staircase to the Ecumenical Temple.
  3229 | D:5      | Reached XP level 6. HP: 27/34 MP: 11/14
  3362 | D:5      | Found a snail-covered altar of Cheibriados.
  3826 | D:5      | Reached skill level 5 in Spellcasting
  4118 | D:6      | Reached XP level 7. HP: 30/38 MP: 16/16
  4217 | D:6      | Slain by a black bear

Illustrated notes

Levels and vault maps discovered:
D:1:      wander_arrival_desolate, layout_loops_ring, due_unseen_surprise
D:2:      layout_basic
D:3:      layout_basic, shapermc_ecumenical_altar_mp_vishouse,
          chequers_serial_rivers_micro_e, nicolae_eternal_life,
          minmay_fractal_squares_5, uniq_jessica
D:4:      layout_cave_pools
D:5:      layout_loops_cross, kennysheep_slug_shrine,
          minmay_temple_entry_statues_fountains, minmay_misc_feat_rugged
D:6:      layout_layer_cave, nemelex_spade_bored_becter,
          ashenzari_conservatory_becter, serial_shops, shop

Skill      XL: |  1  2  3  4  5  6 |
---------------+-------------------+-----
Conjurations   | 2 3 |  3.6
Stealth        | 3 |  3.9
Fire Magic     | 4 |  4.9
Dodging        | 3 |  3.6
Spellcasting   | 4 5 |  5.1
Ranged Weapons | 1 2 3 |  3.1
Fighting       | 1 |  1.4

Action                     |  1- 3 |  4- 6 |  7- 9 || total
---------------------------+-------+-------+-------++-------
  Melee: Unarmed           |     1 |       |       ||     1
   Fire: Sling             |    15 |    71 |     1 ||    87
   Cast: Foxfire           |    60 |    54 |     7 ||   121
    Use: Scroll            |    11 |     2 |       ||    13
         Potion            |       |       |     1 ||     1
 Armour: Robe              |     1 |     3 |       ||     4
  Dodge: Dodged            |     6 |    25 |     4 ||    35
  Block: Buckler           |       |     2 |       ||     2
